 Dungeon Crawl Stone Soup version 0.31-a0-174-g85c54bcb58 (webtiles) character file.

Game seed: 4665224377238933647

46 qw the Shooter (level 3, -1/22 HPs)
             Began as a Gargoyle Hunter on June 15, 2023.
             Slain by Robin
             ... wielding a +0 trident
              (5 damage)
             ... on level 2 of the Dungeon.
             The game lasted 00:00:25 (947 turns).

qw the Shooter (Gargoyle Hunter)                     Turns: 947, Time: 00:00:26

Health: -1/22      AC:  6    Str: 14    XL:     3   Next: 66%
Magic:  3/3        EV: 11    Int:  9    God:
Gold:   90         SH:  0    Dex: 15    Spells: 2/2 levels left

rFire   . . .        Y - +0 shortbow
rCold   . . .        (shield currently unavailable)
rNeg    + + .        c - +0 leather armour
rPois   inf          (no helmet)
rElec   +            (no cloak)
rCorr   .            (no gloves)
SInv    .            (no boots)
Will    .....        (no amulet)
Stlth   ++           h - ring of positive energy
HPRegen 0.23/turn    (no ring)
MPRegen 0.08/turn

%: no passive effects
@: no status effects
A: sickness immunity, AC +3, negative energy resistance 1, electricity
resistance, torment resistance 1, petrification resistance
a: no special abilities


You were on level 2 of the Dungeon.
You visited 1 branch of the dungeon, and saw 2 of its levels.

You collected 90 gold pieces.


Innate Abilities, Weirdness & Mutations

You are immune to sickness and miasma.
Your stone body is resilient. (AC +3)
You are immune to poison.
You resist negative energy. (rN+)
You are resistant to electric shocks. (rElec)
You are resistant to unholy torment.
You are immune to petrification.


   Skills:
 + Level 2.9 Fighting
 - Level 5.0 Ranged Weapons
 - Level 1.5 Dodging
 - Level 1.1 Stealth


You had 2 spell levels left.
You didn't know any spells.
Your spell library was empty.

Inventory:

Hand Weapons
 Y - a +0 shortbow (weapon)
Armour
 c - a +0 leather armour (worn)
Jewellery
 h - a ring of positive energy (left hand)
Scrolls
 a - a scroll of identify {unknown}
Potions
 g - a potion of attraction {unknown}

Dungeon Overview and Level Annotations

Branches:
Dungeon (2/15)

Altars:

Annotations:
D:2 Robin


Message History

You kill the hobgoblin!
The goblin hits you but does no damage.
The hobgoblin hits you but does no damage.
You shoot an arrow. The arrow closely misses the goblin.
The goblin barely misses you. Robin throws the goblin at you!
The hobgoblin hits you.
You shoot an arrow. The arrow closely misses the goblin.
The goblin closely misses you. The goblin hits you but does no damage.
The hobgoblin barely misses you.
You shoot an arrow. The arrow hits the goblin.
The goblin is heavily wounded.
The goblin closely misses you. x2
A hobgoblin comes into view.
The hobgoblin barely misses you. The goblin hits you but does no damage.
The hobgoblin misses you. The goblin hits you with a +0 dagger.
You shoot an arrow. The arrow hits the goblin.
You kill the goblin!
The hobgoblin hits you. The goblin hits you with a +0 dagger.
Robin barely misses you.
You shoot an arrow. The arrow closely misses the goblin.
The hobgoblin barely misses you. The goblin closely misses you.
Robin hits you but does no damage.
You shoot an arrow. The arrow hits the goblin!
You kill the goblin!
The hobgoblin closely misses you. Robin barely misses you.
You shoot an arrow. The arrow closely misses the hobgoblin.
The hobgoblin hits you but does no damage.
Robin closely misses you.
You shoot an arrow. The arrow hits the hobgoblin.
You kill the hobgoblin!
Robin hits you but does no damage.
You shoot an arrow. The arrow hits the hobgoblin.
The hobgoblin is heavily wounded.
Robin says, "Bow before me, strongest of all the hobgoblins!"
Robin hits you from afar with a +0 trident.
Robin hits you but does no damage. The hobgoblin barely misses you.
You shoot an arrow. The arrow barely misses the hobgoblin.
The hobgoblin hits you.
Robin hits you from afar with a +0 trident.
You die...

## .. ##.#########
#..........#
#.....g)...#
#...g)@)...########.#
.....>%............#.#
.)...........#####.#.#
.#######..##.#####.#.###
#................
##..#.#####.#....
##.........#....
###.####....... ..#
##......


You could see Robin and a hobgoblin (strong).

Vanquished Creatures
  9 ball pythons
  2 endoplasms
  2 giant cockroaches
  8 goblins
  5 hobgoblins (D:2)
  5 jackals
  2 quokkas
  2 bats (D:1)
  2 frilled lizards
  2 kobolds (D:2)
  A rat (D:1)
40 creatures vanquished.

Notes
Turn   | Place    | Note
-------+----------+-------------------------------------------
     0 | D:1      | qw the Gargoyle Hunter began the quest for the Orb.
     0 | D:1      | Reached XP level 1. HP: 12/12 MP: 1/1
     0 | D:1      | 0 ||| qw: Version: 0.2-a-29-g511e9b1
     0 | D:1      | 0 ||| qw: Game counter: 5226
     0 | D:1      | 0 ||| qw: Always use a shield: true
     0 | D:1      | 0 ||| qw: God list: Okawaru
     0 | D:1      | 0 ||| qw: Allow faded altars: false
     0 | D:1      | 0 ||| qw: Do Orc after D:15 true
     0 | D:1      | 0 ||| qw: Do second Lair branch before Depths: true
     0 | D:1      | 0 ||| qw: Lair rune preference: random
     0 | D:1      | 0 ||| qw: Plans: Normal, Zot:1-4, Slime:5, God:TSO, Crypt,
                  | Tomb, Abyss, Pan, Hells, Win
     0 | D:1      | 0 ||| PLANNING D:1-11
    53 | D:1      | Reached XP level 2. HP: 17/17 MP: 2/2
   438 | D:1      | 438 ||| UPGRADING to ring of positive energy.
   439 | D:1      | 439 ||| READING scroll labelled HIMANIZYXA.
   442 | D:1      | 442 ||| READING 4 scrolls labelled PEOSHR BETHROMO.
   443 | D:1      | 443 ||| READING scroll labelled FAIXKUQAOM.
   444 | D:1      | 444 ||| DROPPING scroll of butterflies.
   445 | D:1      | 445 ||| DROPPING 3 scrolls of fear.
   568 | D:2      | Reached XP level 3. HP: 21/21 MP: 3/3
   594 | D:2      | Reached skill level 5 in Ranged Weapons
   932 | D:2      | Noticed Robin
   946 | D:2      | HP: 5/22 [Robin/+0 trident (4)]
   947 | D:2      | Slain by Robin

Levels and vault maps discovered:
D:1:      shiori_arrival_elements, layout_basic
D:2:      layout_basic, uniq_terence, uniq_robin

Skill      XL: |  1  2  3 |
---------------+----------+-----
Ranged Weapons | 5 |  5.0
Fighting       | |  2.9
Dodging        | |  1.5
Stealth        | |  1.1

Action                     || total
---------------------------++-------
   Fire: Shortbow          ||   108
    Use: Scroll            ||     3
 Armour: Leather armour    ||    23
  Dodge: Dodged            ||    36

Table legend:
 A = Non-vault XP
 B = Vault XP
 C = Vault XP percentage of total XP
 D = Non-vault monster count
 E = Vault monster count
 F = Vault count percentage of total count
                 A         B        C        D         E       F
            +---------+---------+-------+---------+---------+-------
      Total |      46 |      20 |  30.3 |      30 |      10 |  25.0
            +---------+---------+-------+---------+---------+-------
        D:1 |      24 |       0 |   0.0 |      16 |       0 |   0.0
        D:2 |      22 |      20 |  47.6 |      14 |      10 |  41.7
            +---------+---------+-------+---------+---------+-------
